[Event "Team 45 45 League T25"]
[Site "Internet Chess Club"]
[Date "2005.01.08"]
[Round "4"]
[White "Burning-Bush"]
[Black "trikmamak"]
[Result "0-1"]
[WhiteElo "2198"]
[BlackElo "2243"]
[TimeControl "2700+45"]

1. c4 c6 2. g3 f5 3. Bg2 Nf6 4. d4 d5 5. b3 e6 6. Bb2 Bd6 7. Nd2 O-O 8. Nh3 Nbd7
9. O-O Qe7 10. f3 c5 11. e4 cxd4 12. cxd5 e5 13. Nc4 Bc5 14. Nf2 fxe4 15. fxe4
Nb6 16. Nd2 d3 17. h3 Bd7 18. Rc1 Rac8 19. Nc4 Nfxd5 20. exd5 e4 21. Nxb6 Bxb6
22. Rxc8 Bxc8 23. Qe1 e3 24. Kh2 e2 25. Nxd3 exf1=Q {White resigns} 0-1

[Event "Team 45 45 League T25"]
[Site "Internet Chess Club"]
[Date "2005.01.10"]
[Round "4"]
[White "zota"]
[Black "PaulKaspar"]
[Result "1/2-1/2"]
[WhiteElo "1832"]
[BlackElo "1975"]
[TimeControl "2700+45"]

1. e4 c6 2. d4 d5 3. Nc3 dxe4 4. Nxe4 Bf5 5. Ng3 Bg6 6. f4 e6 7. Nf3 Nf6 8. Bd3
Bxd3 9. Qxd3 Bd6 10. O-O Nd5 11. f5 Bxg3 12. hxg3 exf5 13. Qxf5 Ne7 14. Qg4 O-O
15. Bg5 f6 16. Rae1 Kh8 17. Bd2 Nd7 18. Bb4 Re8 19. Nh4 Nf8 20. Re4 Nd5 21. Bxf8
Rxf8 22. Rfe1 Qc8 23. Qe2 Qd7 24. c4 Nc7 25. Re7 Qxd4+ 26. Kh2 Rac8 27. Nf5 Qc5
28. Qh5 Rg8 29. b4 Qxb4 30. Nh6 Rgf8 31. Nf7+ Kg8 32. Nh6+ Kh8 33. Nf7+ Kg8
{Game drawn by mutual agreement} 1/2-1/2

[Event "Team 45 45 League T25"]
[Site "Internet Chess Club"]
[Date "2005.01.08"]
[Round "4"]
[White "EricW"]
[Black "JSC"]
[Result "1/2-1/2"]
[WhiteElo "1909"]
[BlackElo "1891"]
[TimeControl "2700+45"]

1. d4 d5 2. c4 e6 3. Nc3 Nf6 4. cxd5 exd5 5. Bg5 Be7 6. Nf3 O-O 7. e3 Bg4 8. Be2
Nc6 9. Qb3 Na5 10. Qa4 c6 11. O-O h6 12. Bh4 Bxf3 13. Bxf3 Nc4 14. Qc2 Rc8 15.
Bxf6 Bxf6 16. Bg4 Rb8 17. b3 Nd6 18. Na4 Re8 19. Rac1 Be7 20. Nc5 Nb5 21. b4 a5
22. bxa5 Qxa5 23. Bd7 Red8 24. Bf5 Bxc5 25. Qxc5 Qxa2 26. Bd3 Qa7 27. Bxb5 Qxc5
28. Rxc5 cxb5 29. Rxb5 Kf8 30. Rfb1 Rd7 31. Kf1 Ke7 32. Ke2 Kd8 33. Ra1 b6 34.
Ra6 Kc7 35. Ra2 Rd6 36. Kd3 Kb7 37. Rb4 Ra8 38. Rxa8 Kxa8 39. Rb2 Rc6 40. e4
dxe4+ 41. Kxe4 Re6+ 42. Kd5 Kb7 43. Kc4 Re4 44. f3 Rh4 45. g3 Rh5 46. d5 Kc7 47.
Kd4 g6 48. g4 Rh3 49. Rf2 Kd6 50. Ke4 h5 51. Rb2 Kc7 52. g5 b5 53. Rf2 Kd6 54.
Kd4 Rh4+ 55. f4 Rh3 56. Rb2 {Game drawn by mutual agreement} 1/2-1/2

[Event "Team 45 45 League T25"]
[Site "Internet Chess Club"]
[Date "2005.01.17"]
[Round "4"]
[White "LadyLuck"]
[Black "six-killer"]
[Result "0-1"]
[WhiteElo "1793"]
[BlackElo "1850"]
[TimeControl "2700+45"]

1. d4 Nf6 2. Bg5 Ne4 3. Bf4 c5 4. d5 Qa5+ 5. c3 g6 6. Be5 f6 7. Bf4 Qb6 8. Qb3
c4 9. Qxb6 axb6 10. f3 Nc5 11. e4 Nb3 12. Bxb8 Nxa1 13. Na3 b5 14. Bc7 d6 15.
Kd1 Bh6 16. Nh3 Be3 17. Ke2 Bc5 18. Nxb5 Rxa2 19. Kd2 Rxb2+ 20. Kc1 Rxb5 21.
Bxc4 Ba3+ 22. Kd2 Rb2+ 23. Kd3 Nb3 24. Bb5+ Bd7 25. c4 Bxb5 26. cxb5 Nc5+ 27.
Kc3 Rxb5 28. Ra1 Bb2+ 29. Kc4 Bxa1 30. Kxb5 Kd7 {White resigns} 0-1